 Dungeon Crawl Stone Soup version 0.30-a0-739-gea05faddec (webtiles) character file.

Game seed: 10490562728352173141

11677 jimonade the Thaumaturge (level 12, -2/84 HPs)
             Began as a Djinni Hedge Wizard on Feb 4, 2023.
             Was a Follower of Ashenzari.
             Slain by a 15-headed hydra (3 damage)
             ... on level 1 of the Lair of Beasts.
             The game lasted 00:40:58 (13915 turns).

jimonade the Thaumaturge (Djinni Hedge Wizard)     Turns: 13915, Time: 00:40:59

Health: -2/84      AC: 12    Str: 11    XL:     12   Next: 10%
Gold:   1957       EV: 19    Int: 19    God:    Ashenzari [*.....] SH:  0 Dex: 13

rFire   + + .      SeeInvis .    a - +0 lajatang (spect)
rCold   x . .      Faith    .    (shield currently unavailable)
rNeg    . . .      Spirit   .    T - +0 troll leather armour
rPois   ∞          Reflect  .    c - +0 hat of Ashenzari's Oblivion {Cun, Fort} (curse)
rElec   .          Harm     .    (no cloak)
rCorr   .          Rampage  .    H - +0 pair of gloves
Will    ++...                    (boots unavailable)
Stlth   ++                       (no amulet)
HPRegen 1.14/turn                q - ring "Tethered Augurer" {EV+5, Fort, Cun} (curse)
MPRegen 0.00/turn                B - ring of willpower

@: ice-armoured, flying, studying Fighting
A: sickness immunity, fire resistance 2, cold vulnerability 1, float, innate
caster, HP casting, extra vitality 1
a: Renounce Religion, Curse Item, Shatter the Chains


You were on level 1 of the Lair of Beasts.
You worshipped Ashenzari.
Ashenzari was aware of your devotion.
You visited 3 branches of the dungeon, and saw 12 of its levels.
You also visited: Sewer.

You collected 1957 gold pieces.

Inventory:

Hand Weapons
 a - a +0 spectral lajatang (weapon)
 b - the +6 short sword "Barur" {antimagic, rElec}
   (You found it on level 4 of the Dungeon)

   rElec:     It insulates you from electricity.
 e - a +0 quarterstaff
 l - a +0 spear
 n - a +0 dagger
 K - a +4 short sword
 N - a +2 hand axe of electrocution
 V - a +4 scimitar of flaming
Missiles
 h - 18 poisoned darts
 J - 2 throwing nets
 Q - 2 curare-tipped darts
Armour
 c - the cursed +0 hat of Ashenzari's Oblivion (worn) {Cun, Fort}

   It has a curse which improves the following skills: Cunning: Dodging and
   Stealth.
   Fortitude: Armour and Shields.
 d - +0 acid dragon scales
 k - a +0 ring mail
 m - a +0 leather armour
 A - +0 steam dragon scales
 F - a +0 robe
 H - a +0 pair of gloves (worn)
 L - a +0 kite shield
 M - a +0 leather armour of cold resistance
 T - a +0 troll leather armour (worn)
Magical Staves
 s - a staff of earth
Jewellery
 o - a ring of wizardry
 q - the cursed ring "Tethered Augurer" (left hand) {EV+5, Fort, Cun}
   (You found it on level 2 of the Dungeon)

   [ring of evasion]

   EV:        It affects your evasion (+5).
   It has a curse which improves the following skills: Fortitude: Armour and
   Shields.
   Cunning:   Dodging and Stealth.
 B - a ring of willpower (right hand)
 S - a +6 ring of dexterity
 U - a ring of positive energy
Wands
 E - a wand of flame (7)
 I - a wand of iceblast (20)
 R - a wand of digging (8)
Scrolls
 g - 6 scrolls of identify
 p - 2 scrolls of magic mapping
 r - 8 scrolls of teleportation
 t - a scroll of enchant armour
 w - 3 scrolls of blinking
 y - 2 scrolls of fear
 z - a scroll of butterflies
 C - 2 scrolls of poison
 O - 3 scrolls of immolation
Potions
 f - a potion of ambrosia
 i - 3 potions of haste
 j - 4 potions of curing
 v - a potion of invisibility
 x - 2 potions of might
 D - 4 potions of heal wounds
 G - a potion of resistance


   Skills:
 * Level 6.7 Fighting
 + Level 9.5 Staves
 + Level 2.6(3.7) Armour
 + Level 6.7(8.1) Dodging
 - Level 1.5(2.5) Stealth
 - Level 10.0 Spellcasting


You had 8 spell levels left.
You knew the following spells:

 Your Spells              Type           Power      Damage    Failure   Level
a - Magic Dart            Conj           100%       1d8       1%          1
b - Slow                  Hex            100%       N/A       1%          1
c - Blink                 Tloc           94%        N/A       1%          2
d - Call Imp              Summ           47%        N/A       1%          2
e - Mephitic Cloud        Conj/Pois/Air  47%        N/A       1%          3
f - Apportation           Tloc           94%        N/A       1%          1
g - Momentum Strike       Conj/Tloc      94%        3d10      1%          2
h - Ozocubu's Armour      Ice            47%        N/A       1%          3
i - Summon Lightning Spi  Summ/Air       47%        N/A       1%          4
j - Olgreb's Toxic Radia  Pois           47%        N/A       1%          4
Your spell library was empty.

Dungeon Overview and Level Annotations

Branches:
Dungeon (10/15)            Temple (1/1) D:7            Lair (1/5) D:10
    Orc (0/2) D:10          Sewer (visited)

Altars:
Ashenzari
Cheibriados
Dithmenos
Elyvilon
Fedhas
Gozag
Hepliaklqana
Makhleb
Nemelex Xobeh
Okawaru
Qazlal
Ru
Trog
Uskayaw
Wu Jian
Xom
Yredelemnul
Zin
The Shining One

Shops:
D:3 [   D:6 [   D:9 (

Annotations:
D:3 2 transporters, epsilonplus's ghost, amateur TeHu
D:8 exclusion: deep elf zephyrmancer


Innate Abilities, Weirdness & Mutations

You are immune to sickness and miasma.
You are immune to poison.
Your flesh is very heat resistant. (rF++)
You are vulnerable to cold. (rC-)
You float through the air rather than walking.
You learn spells naturally, not from books.
Your magical power is your life essence.
You have superior vitality. (+4 MHP)


Message History

Your +0 spectral lajatang fades away.
The 12-headed hydra bites you but does no damage. x2
The 12-headed hydra bites you!
* * * LOW HITPOINT WARNING * * *
The 12-headed hydra misses you. The 12-headed hydra bites you!
* * * LOW HITPOINT WARNING * * *
The 12-headed hydra completely misses you.
You chop one of the 12-headed hydra's heads off!
The 11-headed hydra grows two more!
You slice the 13-headed hydra!!
The 13-headed hydra is severely wounded.
Your +0 spectral lajatang hits the 13-headed hydra!
Your +0 spectral lajatang hacks one of the 13-headed hydra's heads off!
The 12-headed hydra grows two more!
You cannot move.
Unknown command.
Unknown command.
You barely miss the 14-headed hydra.
The 14-headed hydra is severely wounded.
Your +0 spectral lajatang hits the 14-headed hydra.
Your +0 spectral lajatang chops one of the 14-headed hydra's heads off!
The 13-headed hydra grows two more!
You are no longer robbed of momentum.
The 15-headed hydra bites your +0 spectral lajatang!
Your spectral weapon shares its damage with you!
* * * LOW HITPOINT WARNING * * *
The 15-headed hydra completely misses your +0 spectral lajatang.
The 15-headed hydra bites your +0 spectral lajatang but does no damage.
The 15-headed hydra closely misses your +0 spectral lajatang.
The 15-headed hydra bites your +0 spectral lajatang but does no damage. x2
The 15-headed hydra bites your +0 spectral lajatang!
Your spectral weapon shares its damage with you!
* * * LOW HITPOINT WARNING * * *
The 15-headed hydra bites your +0 spectral lajatang.
Your spectral weapon shares its damage with you!
The 15-headed hydra misses your +0 spectral lajatang.
The 15-headed hydra bites your +0 spectral lajatang!
Your +0 spectral lajatang fades away.
The 15-headed hydra barely misses you.
The 15-headed hydra closely misses you. x2
The 15-headed hydra bites you.
You die...

########################
........................
.................#......
......§@................
.......D...♣♣♣♣♣♣♣......
......§...♣♣♣♣ ♣♣.....
...........♣.♣♣ ♣.....
###....♣..♣.♣.♣ ♣..♣..
#..#.♣♣♣.♣.♣..♣ .♣♣...
##### ♣♣.♣♣.♣♣ ♣♣.. ♣♣♣
♣. ♣... .§ ♣♣.#


You could see a 15-headed hydra.

Vanquished Creatures
  Erica (D:10)
  A komodo dragon (Lair:1)
  A vampire (D:9)
  9 yaks
  A wyvern (Lair:1)
  2 steam dragons
  2 acid dragons
  A water moccasin (Lair:1)
  A sky beast (D:7)
  7 orc warriors
  6 ogres
  3 black bears
  2 wolves (Lair:1)
  3 phantoms
  A kobold brigand (D:7)
  2 necrophages
  2 gnoll sergeants
  12 bullfrogs
  7 scorpions
  A wight (D:7)
  A killer bee (D:9)
  2 jellies
  6 orc priests
  4 hounds
  4 gnoll boudas (D:7)
  Terence (D:3)
  3 iguanas (D:6)
  5 orc wizards
  4 gnolls (D:7)
  15 adders
  6 river rats (Sewer)
  A shadow imp (D:6)
  3 white imps
  5 worms
  2 dart slugs
  32 orcs
  2 bats
  An endoplasm (D:2)
  A giant cockroach (D:1)
  8 goblins
  3 hobgoblins
  6 jackals
  9 kobolds
  3 quokkas
  15 ball pythons
  3 frilled lizards (Sewer)
  30 rats
240 creatures vanquished.

Vanquished Creatures (collateral kills)
  A two-headed ogre (D:8)
  A hornet (D:10)
  A troll (D:10)
  7 yaks
  A vampire (D:9)
  A steam dragon (D:8)
  A water moccasin (Lair:1)
  4 orc warriors
  An ogre (D:7)
  A wolf (Lair:1)
  2 centaurs
  A phantom (D:7)
  3 kobold brigands
  A bullfrog (Lair:1)
  A scorpion (D:10)
  A gnoll sergeant (D:9)
  4 wights (D:7)
  2 killer bees (D:9)
  A gnoll bouda (D:7)
  2 orc priests
  2 orc wizards (D:8)
  14 gnolls
  A shadow imp (D:7)
  A white imp (D:8)
  14 orcs
  4 kobolds
73 creatures vanquished.

Vanquished Creatures (others)
  12 fungi
  51 plants
63 creatures vanquished.

Grand Total: 376 creatures vanquished

Notes
Turn   | Place    | Note
-------+----------+-------------------------------------------
     0 | D:1      | jimonade the Djinni Hedge Wizard began the quest for the
                  | Orb.
     0 | D:1      | jimonade set off with the following spells memorised: Magic
                  | Dart, Slow, Blink, Call Imp, Mephitic Cloud.
     0 | D:1      | Reached XP level 1. HP: 15/15 MP: 0/0
  1046 | D:2      | Reached XP level 2. HP: 12/21 MP: 0/0
  1142 | D:2      | Reached skill level 3 in Spellcasting
  1142 | D:2      | Reached XP level 3. HP: 11/25 MP: 0/0
  1142 | D:2      | Learned a level 1 spell: Apportation
  1564 | D:2      | Identified the +1 spear "Hipliod" {protect, Contam Str+3}
  1683 | D:2      | Reached XP level 4. HP: 29/31 MP: 0/0
  1836 | D:3      | Found a transporter.
  2033 | D:3      | Found Feysur's Armour Shoppe.
  2035 | D:3      | Noticed Terence
  2047 | D:3      | Killed Terence
  2051 | D:3      | Reached XP level 5. HP: 31/35 MP: 0/0
  2051 | D:3      | Learned a level 2 spell: Momentum Strike
  2088 | D:3      | Found a glowing drain.
  2097 | Sewer    | Entered a sewer
  2119 | Sewer    | Reached skill level 4 in Spellcasting
  2523 | Sewer    | Reached skill level 1 in Staves
  2839 | Sewer    | Reached XP level 6. HP: 26/41 MP: 0/0
  3227 | Sewer    | Reached skill level 1 in Fighting
  3452 | D:3      | Reached XP level 7. HP: 44/47 MP: 0/0
  3452 | D:3      | Learned a level 3 spell: Ozocubu's Armour
  3506 | D:3      | Noticed epsilonplus's ghost (amateur TeHu)
  3581 | D:3      | Found a glowing golden altar of the Shining One.
  3581 | D:3      | Found a glowing silver altar of Zin.
  3583 | D:3      | Found a white marble altar of Elyvilon.
  3676 | D:3      | Found a transporter.
  3905 | D:4      | Identified the +6 short sword "Barur" {antimagic, rElec}
  4171 | D:4      | Found a hide-covered altar of Uskayaw.
  4354 | D:4      | Reached XP level 8. HP: 45/54 MP: 0/0
  4777 | D:4      | Found a blossoming altar of Fedhas.
  4875 | D:5      | Entered Level 5 of the Dungeon
  4969 | D:5      | Reached skill level 1 in Armour
  5556 | D:5      | Reached skill level 5 in Spellcasting
  6069 | D:5      | Reached skill level 5 in Staves
  6463 | D:6      | Reached XP level 9. HP: 59/60 MP: 0/0
  6463 | D:6      | Learned a level 4 spell: Summon Lightning Spire
  6534 | D:6      | Reached skill level 5 in Dodging
  6685 | D:6      | Found a shadowy altar of Dithmenos.
  6776 | D:6      | Found Dazei's Armour Emporium.
  7119 | D:6      | Found an iron altar of Okawaru.
  8008 | D:7      | Reached skill level 6 in Spellcasting
  8014 | D:7      | Reached XP level 10. HP: 19/67 MP: 0/0
  9001 | D:7      | Found a staircase to the Ecumenical Temple.
  9029 | Temple   | Entered the Ecumenical Temple
  9096 | Temple   | Became a worshipper of Ashenzari the Shackled
  9393 | D:7      | Found an opulent altar of Gozag.
  9771 | D:8      | Reached skill level 7 in Spellcasting
  9972 | D:8      | Noticed a two-headed ogre
  9981 | D:8      | Killed a two-headed ogre
 10038 | D:8      | Noticed a deep elf zephyrmancer
 10291 | D:8      | Reached skill level 5 in Fighting
 10323 | D:9      | Reached XP level 11. HP: 68/75 MP: 0/0
 10323 | D:9      | Learned a level 4 spell: Olgreb's Toxic Radiance
 10620 | D:9      | Found Vyuruanoso's Weapon Shop.
 11311 | D:9      | Reached skill level 8 in Spellcasting
 11600 | D:10     | Entered Level 10 of the Dungeon
 12631 | D:10     | Noticed Erica
 12636 | D:10     | Killed Erica
 12709 | D:10     | Found a shimmering altar of Xom.
 12709 | D:10     | Found a bloodstained altar of Trog.
 12825 | D:10     | Reached * piety under Ashenzari
 12825 | D:10     | Identified 2 scrolls of acquirement
 12826 | D:10     | Acquired a manual of Fighting
 12830 | D:10     | Acquired 1286 gold pieces
 12916 | D:10     | Found a staircase to the Lair.
 12988 | D:10     | Reached skill level 9 in Spellcasting
 13083 | D:10     | Found a staircase to the Orcish Mines.
 13298 | Lair:1   | Entered Level 1 of the Lair of Beasts
 13557 | Lair:1   | Reached XP level 12. HP: 28/83 MP: 0/0
 13558 | Lair:1   | Reached skill level 10 in Spellcasting
 13899 | Lair:1   | Noticed a four-headed hydra
 13915 | Lair:1   | HP: 3/84 [15-headed hydra (6)]
 13915 | Lair:1   | HP: 1/84 [15-headed hydra (2)]
 13915 | Lair:1   | Slain by a 15-headed hydra

Illustrated notes

Levels and vault maps discovered:
D:1:      lemuel_arrival_room, layout_basic, serial_forest,
          infiniplex_forest_diagonal, infiniplex_forest_clump_cross,
          infiniplex_forest_corner_1, infiniplex_forest_lined_3,
          infiniplex_forest_clump_long, minmay_tetromino_t2
D:2:      layout_basic, minmay_misc_feat_more_columns,
          chequers_serial_rivers_room_b
D:3:      layout_rooms, good_gods_temple_1, serial_shops, shop,
          cheibrodos_sewer_entry_sluice, gammafunk_ghost_mausoleum, uniq_terence
D:4:      layout_layer_cave, fedhas_altar_fruit_tree,
          amethyst_overflow_temple_binary, minivault_19,
          hangedman_decor_riveting
D:5:      layout_gridville
D:6:      minmay_evil_eye, layout_layer_cave, kiku_gazebo_pond_becter,
          overflow_temple_1_default, kennysheep_okawaru_gauntlet,
          kennysheep_diamond
D:7:      kennysheep_seaside_town, layout_basic,
          nicolae_gozag_cash_rules_everything_around_me, temple_fountains,
          kennysheep_boxes
D:8:      layout_rooms, guppyfry_early_elven_hall
D:9:      lemuel_ice_statue, layout_basic, serial_shops,
          nicolae_shop_bloodbath_and_beyond, uniq_harold
D:10:     layout_grid_maze, mainiacjoe_overflow_divided_tiny,
          grunt_lair_entry_orc_guard_hut, david_orc_4, uniq_erica
Temple:   nicolae_temple_ecumenical_triangle
Lair:1:   layout_cave_shapes, pdpol_lair_cabin_in_the_woods, grunt_megastairs_3

Skill      XL: |  1  2  3  4  5  6  7  8  9 10 11 12 |
---------------+-------------------------------------+-----
Spellcasting   | 3 4 5 6 7 9 10 | 10.0
Staves         | 1 2 4 5 7 9 |  9.5
Dodging        | 3 4 5 6 |  6.7
Fighting       | 1 2 3 4 5 6 |  6.7
Armour         | 2 |  2.6
Stealth        | |  1.5

Action                     |  1- 3 |  4- 6 |  7- 9 | 10-12 || total
---------------------------+-------+-------+-------+-------++-------
  Melee: Lajatang          |     3 |   108 |   336 |   141 ||   588
   Cast: Magic Dart        |    55 |    62 |    34 |    24 ||   175
         Mephitic Cloud    |       |     8 |    21 |    12 ||    41
         Summon Lightning  |       |       |     3 |    52 ||    55
         Ozocubu's Armour  |       |       |       |     9 ||     9
         Call Imp          |       |       |       |     3 ||     3
         Olgreb's Toxic Ra |       |       |       |    44 ||    44
         Momentum Strike   |       |       |       |     7 ||     7
         Blink             |       |       |       |     3 ||     3
         Slow              |       |       |       |     1 ||     1
 Invoke: Curse Item        |       |       |       |     2 ||     2
    Use: Scroll            |       |       |       |     3 ||     3
   Stab: Confused          |       |     5 |    13 |     6 ||    24
         Sleeping          |       |       |     4 |       ||     4
         Distracted        |       |       |       |     6 ||     6
 Armour: Robe              |     1 |    11 |     1 |       ||    13
         Leather armour    |       |       |    12 |       ||    12
         Steam dragon scal |       |       |    40 |    35 ||    75
         Troll leather arm |       |       |       |     5 ||     5
  Dodge: Dodged            |    10 |   194 |   312 |   113 ||   629

Table legend: (Time is in decaauts)
 A = Elapsed time spent in this place.
 B = Non-inter-level travel time spent in this place.
 C = Inter-level travel time spent in this place.
 D = Time resting spent in this place.
 E = Time spent auto-exploring this place.
 F = Levels seen in this place.
 G = Mean time per level.
                   A        B        C        D        E       F      G
               +--------+--------+--------+--------+--------+-----+--------+
         Total |  13992 |  13268 |    724 |   2120 |   8391 |  13 | 1076.3 |
       Dungeon |  11922 |  11206 |    716 |   1310 |   7538 |  10 | 1192.2 |
        Temple |     76 |     68 |      8 |      0 |     47 |   1 |   76.0 |
          Lair |    615 |    615 |      0 |      0 |    533 |   1 |  615.0 |
         Sewer |   1377 |   1377 |      0 |    810 |    273 |   1 | 1377.0 |
               +--------+--------+--------+--------+--------+-----+--------+

Top non-repeatable levels by time:
     D:6: 1683 daAuts
     D:7: 1570 daAuts
     D:9: 1542 daAuts
     D:5: 1471 daAuts
   Sewer: 1377 daAuts
     D:8: 1151 daAuts
     D:4: 1111 daAuts
    D:10: 960 daAuts
     D:1: 938 daAuts
     D:2: 897 daAuts
  Lair:1: 615 daAuts
     D:3: 596 daAuts
  Temple: 76 daAuts
